 Dungeon Crawl Stone Soup version 0.17.0 (webtiles) character file.

743 Eucla the Martial Artist (level 7, -6/62 HPs)
             Began as a Naga Monk on Nov 14, 2015.
             Was an Elder of Cheibriados.
             Mangled by an orc priest
             ... wielding a +0 flail
              (9 damage)
             ... on level 5 of the Dungeon.
             The game lasted 00:07:51 (4624 turns).

Eucla the Martial Artist (Naga Monk)                Turns: 4624, Time: 00:07:51

Health: -6/62      AC: 11    Str: 23    XL:     7   Next: 76%
Magic:  7/7        EV:  7    Int: 20    God:    Cheibriados [****..]
Gold:   304        SH:  0    Dex: 27    Spells: 0 memorised, 6 levels left

rFire  . . .     SeeInvis +       - Unarmed
rCold  . . .     Clarity  .     l - +0 shadow dragon armour
rNeg   . . .     SustAt   .     (no shield)
rPois  +         Gourm    +     (no helmet)
rElec  .         Spirit   .     (no cloak)
rCorr  .         Warding  .     (no gloves)
rMut   .         Stasis   .     (no barding)
MR     .....                    m - amulet of the gourmand
Stlth  ++++......               i - +4 ring of protection
                                f - +4 ring of dexterity

@: lethally poisoned (-6 -> -9), very slow, not resistant to hostile
enchantments, stealthy
A: see invisible, deformed body, poison resistance, slowness 2, slow metabolism
1, spit poison 2, AC +2
a: Spit Poison, Bend Time, Temporal Distortion, Slouch, Renounce Religion


You were on level 5 of the Dungeon.
You worshipped Cheibriados.
Cheibriados was greatly pleased with you.
You were not hungry.

You visited 1 branch of the dungeon, and saw 5 of its levels.
You also visited: Ossuary.

You collected 304 gold pieces.

Inventory:

Missiles
 c - 5 tomahawks
 r - 88 stones (quivered)
 s - 11 poisoned needles
Armour
 a - a +0 robe
 d - a +0 ring mail
 l - a +0 shadow dragon armour (worn)
Jewellery
 f - a +4 ring of dexterity (left hand)
 i - a +4 ring of protection (right hand)
 m - an amulet of the gourmand (around neck)
 n - an uncursed ring of see invisible {unknown}
 o - an uncursed amulet of regeneration {unknown}
Scrolls
 e - 9 scrolls of identify {unknown}
 h - 2 scrolls of magic mapping {unknown}
 t - 2 scrolls of remove curse {unknown}
 w - a scroll of immolation {unknown}
 x - a scroll of noise {unknown}
 y - a scroll of enchant armour {unknown}
Potions
 g - a potion of cancellation
 j - 3 potions of curing
 k - 2 potions of berserk rage {unknown}
 p - a potion of might {unknown}
 q - a potion of degeneration {unknown}
Books
 v - a book of Cantrips

   Spells                             Type                      Level
   a - Corona                         Hexes                        1
   b - Animate Skeleton               Necromancy                   1
   c - Summon Small Mammal            Summoning                    1
   d - Apportation                    Translocation                1
Comestibles
 b - 2 bread rations
 u - 2 beef jerkies
 z - a meat ration


   Skills:
 - Level 3.0 Fighting
 - Level 2.4 Dodging
 - Level 3.0 Stealth
 + Level 9.3 Unarmed Combat


You had 6 spell levels left.
You didn't know any spells.

Dungeon Overview and Level Annotations

Branches:
Dungeon (5/15)
 Temple: D:4-7

Altars:
Cheibriados
Elyvilon
Okawaru
Ru
The Shining One


Innate Abilities, Weirdness & Mutations

You cannot wear boots.
Your serpentine skin is tough (AC +2).
You have supernaturally acute eyesight.
Armour fits poorly on your strangely shaped body.
Your system is resistant to poisons.
You cover ground very slowly.
You have a slow metabolism.
You can spit poison.


Message History

The orc priest hits you but does no damage.
The orc priest invokes the aid of Beogh against you.
Something smites you! The worker ant closely misses you.
The orc priest miscasts a cantrip.
The worker ant bites you but does no damage.
The worker ant bites you.
You are poisoned.
The worker ant poisons you!
The worker ant bites you but does no damage.
There is an escape hatch in the ceiling, spattered with blood here.
You feel sick.
The orc priest calls down the wrath of Beogh upon you.
Something smites you!
* * * LOW HITPOINT WARNING * * *
The orc priest hits you but does no damage.
The orc priest calls down the wrath of Beogh upon you.
Something smites you!
* * * LOW HITPOINT WARNING * * *
The worker ant closely misses you. The orc priest hits you with a flail!
You die...

.#......# #.............
.#......####+### #.............
.#.............###+#.............
.#.......................#+####..
.#.......................# .
.#.......................#
.#.......................#
#......####+##..........#
#......#.....#.@........#
#......#.....#.ao...####### ..
#.....+......#.....#
+.....#oo....#.....#
#.....#......#.....#
#.....#......'.(...#
#.....'......#.....#
#...o.#......#....##
#.....#.....#######


You could see a worker ant, 2 orc priests and an orc.

Vanquished Creatures
  The ghost of Monkaria the Skirmisher, an amateur DDCK of Xom (D:4)
  An ice beast (D:5)
  A human zombie (Ossuary)
  A hound (D:4)
  2 orc wizards (D:4)
  2 big kobold zombies (Ossuary)
  2 mummies (Ossuary)
  12 adders
  2 adder zombies (Ossuary)
  3 giant geckos
  7 orcs
  7 bats
  6 giant cockroaches
  12 hobgoblins
  7 kobolds
  5 quokkas
  5 ball pythons
  3 giant newts
  3 goblins
  2 goblin zombies (Ossuary)
  7 hobgoblin zombies (Ossuary)
  12 jackals
  4 jackal zombies (Ossuary)
  8 kobold zombies (Ossuary)
  11 orc zombies (Ossuary)
  22 rats
  A fungus (D:2)
149 creatures vanquished.

Notes
Turn   | Place    | Note
--------------------------------------------------------------
     0 | D:1      | Eucla the Naga Monk began the quest for the Orb.
     0 | D:1      | Reached XP level 1. HP: 21/21 MP: 1/1
    43 | D:1      | Reached XP level 2. HP: 5/28 MP: 2/2
   713 | D:1      | Reached XP level 3. HP: 30/34 MP: 3/3
   754 | D:1      | Reached skill level 5 in Unarmed Combat
  1646 | D:2      | Reached XP level 4. HP: 38/42 MP: 4/4
  1931 | D:2      | Found a glowing golden altar of the Shining One.
  1932 | D:2      | Found an iron altar of Okawaru.
  1932 | D:2      | Found a sacrificial altar of Ru.
  1935 | D:2      | Found a white marble altar of Elyvilon.
  1953 | D:2      | Reached skill level 6 in Unarmed Combat
  2077 | D:2      | Reached XP level 5. HP: 49/49 MP: 5/5
  2173 | D:2      | Found a snail-covered altar of Cheibriados.
  2277 | D:2      | Became a worshipper of Cheibriados the Contemplative
  2277 | D:2      | Reached * piety under Cheibriados
  2277 | D:2      | Reached ** piety under Cheibriados
  3471 | D:4      | Noticed Monkaria's ghost (amateur DDCK)
  3517 | D:4      | Killed Monkaria's ghost
  3517 | D:4      | Reached *** piety under Cheibriados
  3517 | D:4      | Reached skill level 8 in Unarmed Combat
  3517 | D:4      | Reached XP level 6. HP: 24/56 MP: 6/6
  3517 | D:4      | Reached XP level 7. HP: 26/62 MP: 7/7
  3679 | D:4      | Found a sand-covered staircase.
  3687 | Ossuary  | Entered an ossuary
  3843 | Ossuary  | Reached **** piety under Cheibriados
  4167 | D:4      | Reached skill level 9 in Unarmed Combat
  4457 | D:5      | Entered Level 5 of the Dungeon
  4624 | D:5      | HP: 3/62 [orc priest/divine providence (9)]
  4624 | D:5      | Mangled by an orc priest

Action                   |  1- 3 |  4- 6 |  7- 9 || total
-------------------------+-------+-------+-------++-------
Melee: Unarmed           |   119 |   197 |   130 ||   446
Throw: Stone             |       |       |     5 ||     5
Invok: Bend Time         |       |     1 |       ||     1
       Slouch            |       |       |     1 ||     1
 Abil: Spit Poison       |     1 |     3 |     2 ||     6
  Use: Potion            |       |     9 |     1 ||    10
 Stab: Sleeping          |     4 |     2 |     2 ||     8
       Distracted        |       |       |     1 ||     1
  Eat: Fruit             |     5 |       |       ||     5
       Chunk             |       |    13 |       ||    13
